 Dungeon Crawl Stone Soup version 0.23.2 (webtiles) character file.

Game seed: 10038706937897727577

133 Menchi the Skirmisher (level 5, -2/46 HPs)
             Began as a Ghoul Fighter on Apr 6, 2019.
             Slain by an orc
             ... wielding a +1 trident of piercing
              (5 damage)
             ... on level 3 of the Dungeon.
             The game lasted 00:06:33 (1997 turns).

Menchi the Skirmisher (Ghoul Fighter)               Turns: 1997, Time: 00:06:35

Health: -2/46      AC:  6    Str: 20    XL:     5   Next: 16%
Magic:  4/4        EV: 10    Int:  4    God:
Gold:   116        SH:  0    Dex: 10    Spells: 4/4 levels left

rFire    . . .     SeeInvis .   a - +1 long sword
rCold    + . .     Gourm    .   (no shield)
rNeg     + + +     Faith    .   b - +0 scale mail
rPois    ∞         Spirit   .   (no helmet)
rElec    .         Reflect  .   (no cloak)
rCorr    .         Harm     .   (no gloves)
MR       .....                  (no boots)
Stlth    ..........             d - amulet of regeneration
HPRegen  0.00/turn              l - ring of wizardry
MPRegen  0.09/turn              o - +2 ring of dexterity

@: rotting
A: rotting body, claws 1, carnivore, cold resistance 1, negative energy
resistance 3, inhibited regeneration, torment resistance, unbreathing
a: no special abilities


You were on level 3 of the Dungeon.
You were not hungry.

You visited 1 branch of the dungeon, and saw 3 of its levels.

You collected 116 gold pieces.

Inventory:

Hand Weapons
 a - a +1 long sword (weapon)
Armour
 b - a +0 scale mail (worn)
 p - a +0 helmet
Jewellery
 d - an amulet of regeneration (around neck)
 l - a ring of wizardry (left claw)
 m - an uncursed ring of flight
 o - a +2 ring of dexterity (right claw)
Scrolls
 g - 5 scrolls of identify
 i - a scroll of amnesia {unknown}
 n - a scroll of remove curse
Potions
 e - a potion of ambrosia
 h - 2 potions of haste {unknown}
 j - 3 potions of magic {unknown}
 k - 3 potions of curing {unknown}
Comestibles
 c - a chunk of flesh
 f - 5 rations


   Skills:
 * Level 4.2 Fighting
 * Level 3.5 Long Blades
 - Level 3.0 Armour
 * Level 1.3 Dodging
   Level 2.6 Shields


You had 4 spell levels left.
You didn't know any spells.
Your spell library was empty.

Dungeon Overview and Level Annotations

Branches:
Dungeon (3/15)

Altars:
Ashenzari
Xom


Innate Abilities, Weirdness & Mutations

Your body is rotting away.
You thrive on raw meat.
You are immune to poison.
You have sharp fingernails.
You are carnivorous and can eat meat at any time.
Your flesh is cold resistant. (rC+)
You are immune to negative energy. (rN+++)
You do not regenerate when monsters are visible.
You are immune to unholy pain and torment.
You can survive without breathing.


Message History

The orc wizard casts a spell at you. The magic dart hits you.
* * * LOW HITPOINT WARNING * * *
The orc completely misses you.
The orc wizard points at you and mumbles some strange words.
The puff of flame hits you!
* * * LOW HITPOINT WARNING * * *
You hit the orc wizard.
The orc wizard is almost dead.
The orc wizard hits you with a +0 dagger.
* * * LOW HITPOINT WARNING * * *
The orc wizard hits you but does no damage.
The orc hits you but does no damage.
You hit the orc wizard.
The orc wizard is almost dead.
The orc wizard casts a spell.
The orc wizard flickers and vanishes!
Deactivating autopickup; reactivate with Ctrl-A.
The orc hits you from afar with a +1 trident of piercing.
You die...

..............#
#............#
#....).(.....#
#............#
######'#####.#
#.....#
#######o...# #####
#....##.o{.# ....#
#....##..@.# ....#
#....##....# ....#
#....###..## #
....# #....# ##.#
.# ####### ....#
#....# ##.##.###
#.....#
....####....#
#......... #.###.#
....).......#
#.#.#.#### #.# #.#
............#
#.#.#.#######'###..
....(.......#
#..................


You could see 2 orcs.

Vanquished Creatures
  A crimson imp (D:2)
  3 gnolls (D:3)
  An ooze (D:1)
  A worm (D:2)
  A dart slug (D:1)
  2 leopard geckos
  2 orcs (D:3)
  7 bats
  A giant cockroach (D:1)
  4 goblins (D:1)
  10 hobgoblins
  9 jackals
  5 frilled lizards
  4 kobolds
  5 rats
56 creatures vanquished.

Notes
Turn   | Place    | Note
-------+----------+-------------------------------------------
     0 | D:1      | Menchi the Ghoul Fighter began the quest for the Orb.
     0 | D:1      | Reached XP level 1. HP: 19/19 MP: 0/0
   226 | D:1      | Reached XP level 2. HP: 26/26 MP: 1/1
   388 | D:1      | Reached XP level 3. HP: 30/33 MP: 2/2
   870 | D:2      | Found a shattered altar of Ashenzari.
   955 | D:2      | Reached skill level 4 in Fighting
   955 | D:2      | Reached skill level 1 in Dodging
   955 | D:2      | Reached XP level 4. HP: 35/40 MP: 3/3
  1594 | D:3      | Reached XP level 5. HP: 7/46 MP: 4/4
  1679 | D:3      | Found a shimmering altar of Xom.
  1679 | D:3      | Found a shimmering altar of Xom.
  1680 | D:3      | Found a shimmering altar of Xom.
  1680 | D:3      | Found a shimmering altar of Xom.
  1680 | D:3      | Found a shimmering altar of Xom.
  1997 | D:3      | Slain by an orc

Skill      XL: |  1  2  3 |
---------------+----------+-----
Long Blades    | 2 3 |  3.5
Fighting       | 4 |  4.2
Armour         | 3 |  3.0
Dodging        | 1 |  1.3
Shields        | |  2.6

Action                   |  1- 3 |  4- 6 || total
-------------------------+-------+-------++-------
Melee: Long sword        |   113 |    65 ||   178
  Use: Scroll            |     3 |     2 ||     5
       Potion            |       |     1 ||     1
  Eat: Chunk             |    11 |    13 ||    24
Armor: Scale mail        |    73 |    32 ||   105
Dodge: Dodged            |    78 |    46 ||   124
       Rpst.: Long sword |    23 |    15 ||    38
